 Dungeon Crawl Stone Soup version 0.15.2 (webtiles) character file.

26238 magipi the Nimble (level 13, -30/89 HPs)
             Began as an Octopode Conjurer on Feb 18, 2015.
             Was an Elder of Vehumet.
             Annihilated by Maud
             ... wielding a +0 broad axe of freezing
              (54 damage)
             ... on Level 6 of the Lair of Beasts.
             The game lasted 02:04:44 (22075 turns).

magipi the Nimble (Octopode Conjurer)              Turns: 22075, Time: 02:04:44

HP -30/89        AC  9     Str  8      XL: 13   Next: 24%
MP  12/29        EV 22     Int 20      God: Vehumet [****..]
Gold 1094        SH  0     Dex 14      Spells:  8 memorised,  1 level left

rFire  . . .     SeeInvis .     a - +0 halberd (protect)
rCold  + . .     Clarity  .     (no shield)
rNeg   . . .     rCorr    .     (helmet restricted)
rPois  +         rRot     .     (no amulet)
rElec  .         Spirit   .     m - +3 ring of protection
SustAb .         Warding  .     x - ring of poison resistance
rMut   .         Stasis   .     e - ring of protection from cold
Gourm  .                        N - +3 ring of evasion
MR     .....                    (no ring)
                                (no ring)
                                (no ring)
                                (no ring)

@: very slightly contaminated, not resistant to hostile enchantments, fairly
stealthy
A: almost no armour, amphibious, 8 rings, constrict 8, camouflage 1, gelatinous
body 1
a: Renounce Religion


You were on level 6 of the Lair of Beasts.
You worshipped Vehumet.
Vehumet was greatly pleased with you.
You were near starving.

You visited 3 branches of the dungeon, and saw 16 of its levels.

You collected 1094 gold pieces.

Inventory:

Hand weapons
 a - a +0 halberd of protection (weapon)
 b - a +0 blowgun
 q - the +3 Sword of Power
   (You found it on level 4 of the Dungeon)
Missiles
 j - 52 poisoned needles
 z - 3 curare-tipped needles
Magical devices
 n - a wand of enslavement (8)
 A - a wand of polymorph (4)
 F - a wand of enslavement (9)
 L - a wand of fire (5)
 R - a wand of lightning (0)
 V - a wand of teleportation (6)
Comestibles
 y - 11 bread rations
 C - 5 meat rations
 D - 2 slices of pizza
 H - 5 fruits
 Z - a chunk of porcupine flesh
Scrolls
 d - 4 scrolls of amnesia
 h - a scroll of fog
 t - a scroll of teleportation
 u - 4 scrolls of enchant weapon
 w - 2 scrolls of recharging
 E - 2 scrolls of magic mapping
 J - a scroll of silence
 M - a scroll of enchant armour
 U - 2 scrolls of remove curse
 Y - a scroll of fear
Jewellery
 e - a ring of protection from cold (on tentacle)
 m - a +3 ring of protection (left tentacle)
 x - a ring of poison resistance (right tentacle)
 N - a +3 ring of evasion (on tentacle)
 T - an uncursed ring of teleportation
Potions
 f - 4 potions of haste
 g - 3 potions of invisibility
 i - 3 potions of heal wounds
 k - 3 potions of curing
 l - 2 potions of lignification
 o - 4 potions of restore abilities
 r - a potion of brilliance
 s - 2 potions of agility
 B - 3 potions of flight
 I - 5 potions of cancellation
 W - a potion of berserk rage
Books
 c - a book of Conjurations

   Spells                             Type                      Level
   *Magic Dart                        Conjuration                  1
   *Searing Ray                       Conjuration                  2
   Dazzling Spray                     Conjuration/Hexes            3
   Fulminant Prism                    Conjuration/Hexes            4
   *Iskenderun's Mystic Blast         Conjuration                  4
   *Iskenderun's Battlesphere         Conjuration/Charms           5
 G - a book of Geomancy

   Spells                             Type                      Level
   Sandblast                          Earth                        1
   *Stoneskin                         Transmutation/Earth          2
   Passwall                           Transmutation/Earth          3
   Stone Arrow                        Conjuration/Earth            3
   Petrify                            Transmutation/Earth          4
   Lee's Rapid Deconstruction         Earth                        5
 P - a book of Beasts

   Spells                             Type                      Level
   Summon Butterflies                 Summoning                    1
   Call Canine Familiar               Summoning                    3
   Summon Ice Beast                   Ice/Summoning                4
   Summon Mana Viper                  Hexes/Summoning              5
   Monstrous Menagerie                Summoning                    6
   Summon Hydra                       Summoning                    7
 S - a book of Flames

   Spells                             Type                      Level
   Flame Tongue                       Conjuration/Fire             1
   Throw Flame                        Conjuration/Fire             2
   *Conjure Flame                     Conjuration/Fire             3
   Inner Flame                        Hexes/Fire                   3
   Sticky Flame                       Conjuration/Fire             4
   *Fireball                          Conjuration/Fire             5
Magical staves
 v - an uncursed staff of wizardry


   Skills:
 + Level 8.6 Fighting
 - Level 11.1 Dodging
 - Level 2.6 Stealth
 - Level 8.4 Spellcasting
 - Level 9.1 Conjurations
 - Level 9.2 Charms
 - Level 2.0 Transmutations
 - Level 7.4 Fire Magic
 - Level 2.0 Earth Magic
 - Level 3.1 Poison Magic


You had one spell level left.
You knew the following spells:

 Your Spells              Type           Power        Failure   Level  Hunger
a - Magic Dart            Conj           ####         1%          1    None
b - Searing Ray           Conj           #####.       1%          2    None
c - Iskenderun's Battles  Conj/Chrm      #####...     2%          5    ####...
d - Iskenderun's Mystic   Conj           #####...     1%          4    ###....
e - Conjure Flame         Conj/Fire      #####...     1%          3    None
f - Fireball              Conj/Fire      #####.....   2%          5    ####...
p - Venom Bolt            Conj/Pois      ####......   5%          5    ####...
s - Stoneskin             Trmt/Erth      ###.....     6%          2    None


Dungeon Overview and Level Annotations

Branches:
Dungeon (9/15)             Temple (1/1) D:7            Lair (6/8) D:9
    Orc: D:9-12       Swamp: Lair:3-6    Shoals: Lair:3-6     Snake: Lair:3-6
 Spider: Lair:3-6     Slime: Lair:6-8

Altars:
Ashenzari
Cheibriados
Dithmenos
Elyvilon
Fedhas
Kikubaaqudgha
Makhleb
Nemelex Xobeh
Okawaru
Qazlal
Sif Muna
Trog
Vehumet
Xom
Yredelemnul
Zin
The Shining One

Shops:
D:8 [

Annotations:
D:4 Grinder; kae's ghost, average DrTm
D:8 Joseph
Lair:4 Nergalle
Lair:6 Maud


Innate Abilities, Weirdness & Mutations

You cannot wear most types of armour.
You are amphibious.
You can wear up to eight rings at the same time.
You can use your tentacles to constrict many enemies at once.
Your skin changes colour to match your surroundings (Stealth).
Your rubbery body absorbs attacks (AC +1).

Vault maps used:
D:1:      dpeg_arrival_more_subterranean_lakeside_camping, minmay_misc_feat_x,
          grunt_decor_one_mirror, nemelex_xobeh_ov_fountains_minmay
D:2:      first_bread
D:3:      uniq_iyjb
D:4:      gammafunk_temple_overflow_forgotten, uniq_grinder
D:6:      lemuel_zombie_altar_kikubaaqudgha
D:7:      minmay_temple_entry_hall
D:8:      serial_shops, shop_coins, uniq_joseph, uniq_psyche
D:9:      dpeg_oklobed_lair
Temple:   jpeg_temple_clearing_12
Lair:1:   portal_ice_cave_entry_pillars_02, infiniplex_staircase_pool_2,
          grunt_megastairs_4
Lair:2:   mu_elephants_graveyard
Lair:4:   grunt_megastairs_3, uniq_nergalle
Lair:5:   lemuel_fruit_tree, serial_bayou_shore_a, infiniplex_staircase_pool
Lair:6:   minmay_lair_venomous_thicket, shoals_dummy_entry,
          minmay_snake_entry_guardpost_medium, uniq_maud, uniq_fannar


Message History

Maud is heavily wounded.
Your battlesphere expends the last of its energy and dissipates.
Unknown command.
Casting: Venom Bolt
Confirm with . or Enter, or press ? or * to list all spells.
Aiming: Venom Bolt
Press: ? - help, Shift-Dir - straight line, f/p - Maud
Aim: Maud, wielding a glowing broad axe and wearing a plate armour (heavily wounded, unusually strong, poisoned)
The bolt of poison hits Maud.
Maud looks even sicker.
Maud is heavily wounded.
Maud hits you with a glowing broad axe!!!
Maud freezes you.
Unknown command.
Maud screams, "Give me 'Entarex'!"
Casting: Venom Bolt
Confirm with . or Enter, or press ? or * to list all spells.
Aiming: Venom Bolt
Press: ? - help, Shift-Dir - straight line, f/p - Maud
Aim: Maud, wielding a broad axe of freezing and wearing a plate armour (severely wounded, unusually strong, poisoned)
The bolt of poison hits Maud.
Maud is severely wounded.
You are feeling very hungry.
Unknown command.
Read which item? (? for menu, Esc to quit)
Blink to where?
Press: ? - help, Dir - move target cursor, p - Maud
As you read the scroll of blinking, it crumbles to dust.
You are very lightly contaminated with residual magic.
Maud looks upset.
Things that are here:
a rotting chunk of quokka flesh; a rotting chunk of green rat flesh 3 rotting chunks of hippogriff flesh Drink which item? (? for menu, Esc to quit)
Magic courses through your body.
Casting: Venom Bolt
Confirm with . or Enter, or press ? or * to list all spells.
You conjure a globe of magical energy.
Casting: Iskenderun's Battlesphere
Confirm with . or Enter, or press ? or * to list all spells.
You can't see any susceptible monsters within range! (Use Z to cast anyway.) Unknown command.
Casting: Iskenderun's Battlesphere
Confirm with . or Enter, or press ? or * to list all spells.
Aiming: Venom Bolt
Press: ? - help, Shift-Dir - straight line, f - Maud
Aim: Maud, wielding a broad axe of freezing and wearing a plate armour (severely wounded, unusually strong)
The bolt of poison hits Maud.
Maud is severely wounded.
You are near starving!
Your battlesphere fires!
The barrage of energy hits Maud.
Maud is severely wounded.
Casting: Venom Bolt
Confirm with . or Enter, or press ? or * to list all spells.
Aiming: Venom Bolt
Press: ? - help, Shift-Dir - straight line, f/p - Maud
Aim: Maud, wielding a broad axe of freezing and wearing a plate armour (severely wounded, unusually strong)
You miscast Venom Bolt.
You are momentarily dazzled by a flash of light!
Unknown command.
Casting: Venom Bolt
Confirm with . or Enter, or press ? or * to list all spells.
Aiming: Magic Dart
Press: ? - help, Shift-Dir - straight line, f/p - Maud
Aim: Maud, wielding a broad axe of freezing and wearing a plate armour (severely wounded, unusually strong)
The magic dart hits Maud.
Maud is almost dead.
Your battlesphere fires!
The barrage of energy hits Maud.
Maud is almost dead.
Unknown command.
Casting: Magic Dart
Confirm with . or Enter, or press ? or * to list all spells.
Aiming: Magic Dart
Press: ? - help, Shift-Dir - straight line, f/p - Maud
Aim: Maud, wielding a broad axe of freezing and wearing a plate armour (almost dead, unusually strong)
The magic dart hits Maud.
Maud is almost dead.
Your battlesphere fires!
The barrage of energy hits Maud.
Maud is almost dead.
Maud hits you with a broad axe of freezing!!
Maud freezes you.
Casting: Magic Dart
Confirm with . or Enter, or press ? or * to list all spells.
Aiming: Magic Dart
Press: ? - help, Shift-Dir - straight line, f/p - Maud
Aim: Maud, wielding a broad axe of freezing and wearing a plate armour (almost dead, unusually strong)
The magic dart hits Maud.
Maud is almost dead.
Your battlesphere fires!
The barrage of energy hits Maud.
Maud is almost dead.
Maud hits you with a broad axe of freezing!!
* * * LOW HITPOINT WARNING * * *
Drink which item? (? for menu, Esc to quit)
You feel much better.
Maud hits you with a broad axe of freezing!!!
Ouch! That really hurt!
You die...

###..## #....P.. #..#
#...... #..##
#PP...##..
##..#####.PP.$.#...
#..#.##..PP.........
#...###..*P..........
#....#....%.........P
##...................>
###......@.....#.....
######.@P....#....#
##....#.......# .
#..P.##..#..P.## ...
##........#.#..##..@.
##......##..........
##................Y
#...P###.#.........
##...# #####....#..


You could see Maud.

Table legend:
 A = Kills in this place as a percentage of kills in entire the game.
 B = Kills by you in this place as a percentage of kills by you in the entire game.
 C = Kills by friends in this place as a percentage of kills by friends in the entire game.
 D = Other kills in this place as a percentage of other kills in the entire game.
 E = Experience gained in this place as a percentage of experience gained in the entire game.
 F = Experience gained in this place divided by the number of levels of this place that you have seen.
                   A       B       C       D       E      F
               +-------+-------+-------+-------+-------+----------------------
         Total | 100.0 | 100.0 |  -nan |  -nan | 100.0 | 2342.8
       Dungeon |  56.1 |  56.1 |  -nan |  -nan |  17.4 | 724.7
          Lair |  43.9 |  43.9 |  -nan |  -nan |  82.6 | 5160.3
               +-------+-------+-------+-------+-------+----------------------

Vanquished Creatures
  A hydra (Lair:1)
  The ghost of magipi the Changer, an experienced OpTm of Fedhas (D:6)
  23 elephants
  2 black mambas
  Psyche (D:8)
  2 fire drakes (Lair:5)
  8 spiny frogs
  3 komodo dragons
  12 blink frogs
  3 basilisks
  16 yaks
  3 hippogriffs
  A steam dragon (D:8)
  6 wolves (Lair:5)
  2 orc warriors
  8 porcupines
  10 water moccasins
  A sky beast (D:6)
  A centaur (D:7)
  3 phantoms
  3 ogres
  7 crocodiles
  8 giant frogs
  4 scorpions
  6 wights
  A jelly (D:6)
  10 killer bees (D:7)
  4 goliath beetles
  11 orc priests
  6 hounds
  A crimson imp (D:9)
  6 iguanas
  A gnoll shaman (D:3)
  8 orc wizards
  11 worker ants
  Ijyb (D:3)
  16 sheep
  A big kobold zombie (D:6)
  An ogre skeleton (D:6)
  12 adders
  10 gnolls
  38 green rats
  2 shadow imps (D:6)
  An inept item mimic (D:6)
  2 worms
  An adder zombie (D:6)
  An orc zombie (D:7)
  6 giant geckos
  2 oozes
  25 orcs
  A ball python (D:1)
  A bat skeleton (D:4)
  A bat zombie (D:6)
  5 giant cockroaches
  8 goblins
  18 hobgoblins
  9 quokkas
  13 bats
  4 giant newts
  A giant spore (D:8)
  9 jackals
  8 kobolds
  A kobold zombie (D:6)
  16 rats
  A rat skeleton (D:5)
  A rat zombie (D:6)
  2 ballistomycetes (D:8)
  A fungus (D:9)
413 creatures vanquished.

Vanquished Creatures (others)
  33 fungi
  13 plants (Lair:2)
46 creatures vanquished.

Grand Total: 459 creatures vanquished

Notes
Turn   | Place    | Note
--------------------------------------------------------------
     0 | D:1      | magipi, the Octopode Conjurer, began the quest for the Orb.
     0 | D:1      | Reached XP level 1. HP: 11/11 MP: 3/3
   391 | D:1      | Reached XP level 2. HP: 7/17 MP: 0/4
   615 | D:1      | Learned a level 2 spell: Searing Ray
   730 | D:1      | Found a sparkling altar of Nemelex Xobeh.
  1677 | D:2      | Reached XP level 3. HP: 16/21 MP: 0/6
  1860 | D:2      | Reached skill level 5 in Conjurations
  2476 | D:3      | Reached XP level 4. HP: 16/27 MP: 0/7
  2906 | D:3      | Reached skill level 6 in Conjurations
  2906 | D:3      | Reached XP level 5. HP: 21/31 MP: 0/9
  3029 | D:3      | Learned a level 5 spell: Iskenderun's Battlesphere
  3173 | D:3      | Noticed Ijyb
  3233 | D:3      | Killed Ijyb
  3233 | D:3      | Reached skill level 1 in Charms
  3280 | D:3      | Noticed a centaur
  3669 | D:3      | Reached XP level 6. HP: 23/36 MP: 2/10
  4237 | D:4      | Found a glowing golden altar of the Shining One.
  4246 | D:4      | Found a radiant altar of Vehumet.
  4246 | D:4      | Found a deep blue altar of Sif Muna.
  4250 | D:4      | Became a worshipper of Vehumet
  4272 | D:4      | Noticed kae's ghost (average DrTm)
  4534 | D:4      | Noticed Grinder
  5302 | D:4      | Reached skill level 5 in Charms
  5302 | D:4      | Reached XP level 7. HP: 29/41 MP: 6/12
  5685 | D:5      | Entered Level 5 of the Dungeon
  6135 | D:5      | Acquired Vehumet's first power
  6135 | D:5      | Offered knowledge of Flame Tongue by Vehumet.
  7178 | D:5      | Reached XP level 8. HP: 38/46 MP: 8/14
  7239 | D:5      | Reached skill level 7 in Conjurations
  7961 | D:6      | Noticed magipi's ghost (experienced OpTm)
  8199 | D:6      | Offered knowledge of Shock by Vehumet.
  8203 | D:6      | Found an ancient bone altar of Kikubaaqudgha.
  8267 | D:6      | Learned a level 4 spell: Iskenderun's Mystic Blast
  8346 | D:6      | Killed magipi's ghost
  8346 | D:6      | Reached skill level 8 in Conjurations
  8346 | D:6      | Reached XP level 9. HP: 43/51 MP: 9/19
  9947 | D:7      | Reached skill level 9 in Charms
 10032 | D:7      | Found a staircase to the Ecumenical Temple.
 10038 | Temple   | Entered the Ecumenical Temple
 10266 | D:7      | Offered knowledge of Inner Flame by Vehumet.
 10738 | D:7      | Acquired Vehumet's second power
 11002 | D:8      | Reached skill level 5 in Dodging
 11080 | D:8      | Reached XP level 10. HP: 56/56 MP: 13/20
 11103 | D:8      | Found Cuafrig's Armour Shoppe.
 11321 | D:8      | Reached skill level 1 in Fighting
 11545 | D:8      | Noticed Psyche
 11549 | D:8      | Killed Psyche
 11561 | D:8      | Noticed Joseph
 11919 | D:9      | Offered knowledge of Conjure Flame by Vehumet.
 11934 | D:9      | Learned a level 3 spell: Conjure Flame
 12346 | D:9      | Found a staircase to the Lair.
 12914 | Lair:1   | Entered Level 1 of the Lair of Beasts
 13094 | Lair:1   | Found a frozen archway.
 13570 | Lair:1   | Reached skill level 5 in Fighting
 13881 | Lair:1   | Acquired Vehumet's third power
 13910 | Lair:2   | Noticed an elephant
 13910 | Lair:2   | Noticed an elephant
 13912 | Lair:2   | Noticed an elephant
 13913 | Lair:2   | Noticed an elephant
 13976 | Lair:1   | Offered knowledge of Static Discharge by Vehumet.
 14194 | Lair:2   | Noticed an elephant
 14270 | Lair:2   | Noticed an elephant
 14327 | Lair:1   | Killed an elephant
 14327 | Lair:1   | Reached XP level 11. HP: 34/72 MP: 3/21
 14538 | Lair:2   | Killed an elephant
 14813 | Lair:2   | Noticed an elephant
 15130 | Lair:2   | Noticed an elephant
 15176 | Lair:2   | Killed an elephant
 15225 | Lair:1   | Noticed a seven-headed hydra
 15299 | Lair:1   | Killed a seven-headed hydra
 15408 | Lair:2   | Killed an elephant
 15505 | Lair:2   | Noticed an elephant
 15515 | Lair:2   | Killed an elephant
 15599 | Lair:2   | Noticed an elephant
 15608 | Lair:2   | Killed an elephant
 15611 | Lair:2   | Noticed an elephant
 15735 | Lair:2   | Noticed an elephant
 15745 | Lair:2   | Killed an elephant
 15762 | Lair:2   | Noticed an elephant
 15795 | Lair:2   | Learned a level 2 spell: Stoneskin
 15814 | Lair:2   | Killed an elephant
 15814 | Lair:2   | Reached skill level 10 in Dodging
 15924 | Lair:2   | Killed an elephant
 15924 | Lair:2   | Reached skill level 1 in Transmutations
 15924 | Lair:2   | Reached skill level 1 in Earth Magic
 16044 | Lair:2   | Noticed an elephant
 16050 | Lair:2   | Noticed an elephant
 16111 | Lair:1   | Killed an elephant
 16298 | Lair:2   | Killed an elephant
 16382 | Lair:2   | Noticed an elephant
 16402 | Lair:2   | Noticed an elephant
 16718 | Lair:2   | Killed an elephant
 16779 | Lair:2   | Noticed an elephant
 16863 | Lair:2   | Killed an elephant
 17032 | Lair:2   | Killed an elephant
 17032 | Lair:2   | Reached skill level 11 in Dodging
 17032 | Lair:2   | Reached XP level 12. HP: 82/82 MP: 13/22
 17049 | Lair:2   | Noticed an elephant
 17075 | Lair:2   | Killed an elephant
 17175 | Lair:2   | Killed an elephant
 17359 | Lair:2   | Reached skill level 5 in Spellcasting
 17361 | Lair:2   | Noticed an elephant
 17401 | Lair:2   | Killed an elephant
 17553 | Lair:2   | Killed an elephant
 17632 | Lair:2   | Killed an elephant
 17662 | Lair:2   | Noticed an elephant
 17681 | Lair:2   | Killed an elephant
 17874 | Lair:2   | Noticed an elephant
 17889 | Lair:2   | Killed an elephant
 18037 | Lair:2   | Noticed an elephant
 18043 | Lair:2   | Killed an elephant
 19429 | Lair:4   | Learned a level 5 spell: Fireball
 19440 | Lair:4   | Noticed Nergalle
 19527 | Lair:4   | Reached skill level 1 in Fire Magic
 19634 | Lair:4   | Offered knowledge of Venom Bolt by Vehumet.
 19650 | Lair:4   | Learned a level 5 spell: Venom Bolt
 19764 | Lair:4   | Reached skill level 1 in Poison Magic
 20374 | Lair:5   | Reached skill level 5 in Fire Magic
 20437 | Lair:4   | Reached XP level 13. HP: 68/88 MP: 6/29
 20620 | Lair:5   | Identified a scroll of acquirement
 22016 | Lair:6   | Noticed Maud
 22075 | Lair:6   | Annihilated by Maud

Action                   |  1- 3 |  4- 6 |  7- 9 | 10-12 | 13-15 || total
-------------------------+-------+-------+-------+-------+-------++-------
Melee: Dagger            |     9 |       |       |       |       ||     9
       Spear             |       |     4 |       |       |       ||     4
       Halberd           |       |       |    12 |    48 |     3 ||    63
 Fire: Blowgun           |       |    11 |     8 |     7 |       ||    26
 Cast: Magic Dart        |    54 |   104 |   271 |   475 |    99 ||  1003
       Searing Ray       |     5 |     8 |    14 |    32 |       ||    59
       Iskenderun's Batt |       |       |    22 |   114 |    23 ||   159
       Iskenderun's Myst |       |       |     1 |     1 |       ||     2
       Stoneskin         |       |       |       |     2 |       ||     2
       Venom Bolt        |       |       |       |     2 |    10 ||    12
       Fireball          |       |       |       |       |     1 ||     1
Evoke: Wand              |       |       |       |    16 |     1 ||    17
  Use: Scroll            |       |       |    18 |    10 |    13 ||    41
       Potion            |       |       |     2 |       |     2 ||     4
 Stab: Sleeping          |       |     1 |       |     4 |       ||     5
  Eat: Chunk             |     3 |    11 |    18 |    49 |     6 ||    87
       Beef jerky        |     1 |       |     3 |     2 |     1 ||     7
       Fruit             |       |       |     2 |     6 |     2 ||    10
       Royal jelly       |       |       |     1 |       |       ||     1
       Pizza             |       |       |       |       |     1 ||     1

Action                   |  1- 3 |  4- 6 |  7- 9 | 10-12 | 13-15 || total
-------------------------+-------+-------+-------+-------+-------++-------
Melee: Dagger            |     9 |       |       |       |       ||     9
       Spear             |       |     4 |       |       |       ||     4
       Halberd           |       |       |    12 |    48 |     3 ||    63
 Fire: Blowgun           |       |    11 |     8 |     7 |       ||    26
 Cast: Magic Dart        |    54 |   104 |   271 |   475 |    99 ||  1003
       Searing Ray       |     5 |     8 |    14 |    32 |       ||    59
       Iskenderun's Batt |       |       |    22 |   114 |    23 ||   159
       Iskenderun's Myst |       |       |     1 |     1 |       ||     2
       Stoneskin         |       |       |       |     2 |       ||     2
       Venom Bolt        |       |       |       |     2 |    10 ||    12
       Fireball          |       |       |       |       |     1 ||     1
Evoke: Wand              |       |       |       |    16 |     1 ||    17
  Use: Scroll            |       |       |    18 |    10 |    13 ||    41
       Potion            |       |       |     2 |       |     2 ||     4
 Stab: Sleeping          |       |     1 |       |     4 |       ||     5
  Eat: Chunk             |     3 |    11 |    18 |    49 |     6 ||    87
       Beef jerky        |     1 |       |     3 |     2 |     1 ||     7
       Fruit             |       |       |     2 |     6 |     2 ||    10
       Royal jelly       |       |       |     1 |       |       ||     1
       Pizza             |       |       |       |       |     1 ||     1

Action                   |  1- 3 |  4- 6 |  7- 9 | 10-12 | 13-15 || total
-------------------------+-------+-------+-------+-------+-------++-------
Melee: Dagger            |     9 |       |       |       |       ||     9
       Spear             |       |     4 |       |       |       ||     4
       Halberd           |       |       |    12 |    48 |     3 ||    63
 Fire: Blowgun           |       |    11 |     8 |     7 |       ||    26
 Cast: Magic Dart        |    54 |   104 |   271 |   475 |    99 ||  1003
       Searing Ray       |     5 |     8 |    14 |    32 |       ||    59
       Iskenderun's Batt |       |       |    22 |   114 |    23 ||   159
       Iskenderun's Myst |       |       |     1 |     1 |       ||     2
       Stoneskin         |       |       |       |     2 |       ||     2
       Venom Bolt        |       |       |       |     2 |    10 ||    12
       Fireball          |       |       |       |       |     1 ||     1
Evoke: Wand              |       |       |       |    16 |     1 ||    17
  Use: Scroll            |       |       |    18 |    10 |    13 ||    41
       Potion            |       |       |     2 |       |     2 ||     4
 Stab: Sleeping          |       |     1 |       |     4 |       ||     5
  Eat: Chunk             |     3 |    11 |    18 |    49 |     6 ||    87
       Beef jerky        |     1 |       |     3 |     2 |     1 ||     7
       Fruit             |       |       |     2 |     6 |     2 ||    10
       Royal jelly       |       |       |     1 |       |       ||     1
       Pizza             |       |       |       |       |     1 ||     1
